 Dungeon Sprint DCSS version 0.28.0-47-ge53b351184 (webtiles) character file.

Game seed: 13076545750972186203

91 bromine the Cudgeller (level 4, -7/49 HPs)
             Began as a Troll Berserker on May 9, 2022.
             Was an Elder of Trog.
             Mangled by an unseen horror (8 damage)
             ... in the Dungeon (Sprint IX: "|||||||||||||||||||||||||||||").
             The game lasted 00:01:41 (133 turns).

bromine the Cudgeller (Troll Berserker)              Turns: 133, Time: 00:01:42

Health: -7/49      AC:  4    Str: 33    XL:     4   Next: 34%
Magic:  3/3        EV: 10    Int:  3    God:    Trog [****..]
Gold:   0          SH:  0    Dex:  9    Spells: 3/3 levels left

rFire   . . .      SeeInvis .   q - +2 rapier (drain)
rCold   . . .      Faith    .   (no shield)
rNeg    . . .      Spirit   .   b - +0 animal skin
rPois   .          Reflect  .   (helmet restricted)
rElec   .          Harm     .   (no cloak)
rCorr   .          Rampage  .   (gloves unavailable)
Will    .....      NoTele   +   (boots unavailable)
Stlth   +.........              (no amulet)
HPRegen 0.96/turn               s - +3 ring of strength
MPRegen 0.08/turn               t - +3 ring of strength

@: on berserk cooldown, slowed, very slow
A: large, unfitting armour, claws 3, regeneration 1, shaggy fur 1, tough skin 1
a: Renounce Religion, Berserk, Trog's Hand, Brothers in Arms


You were in the Dungeon.
You worshipped Trog.
Trog was greatly pleased with you.
You visited 1 branch

Inventory:

Hand Weapons
 a - a +0 mace
 i - a +2 mace of protection
 m - a +1 vorpal broad axe
 n - a +2 vorpal dire flail
 o - a +2 halberd of venom
 p - a +0 lajatang
 q - a +2 rapier of draining (weapon)
 r - a +2 scimitar of holy wrath
Armour
 b - a +0 animal skin (worn)
Jewellery
 s - a +3 ring of strength (left claw)
 t - a +3 ring of strength (right claw)
Wands
 k - a wand of acid (10)
Scrolls
 h - 2 scrolls of blinking
 l - 2 scrolls of amnesia
Potions
 c - 5 potions of curing
 d - a potion of heal wounds
 e - a potion of haste
 f - 4 potions of magic
 g - a potion of berserk rage
 j - a potion of invisibility


   Skills:
 + Level 4.6 Fighting
 + Level 0.3 Short Blades
 + Level 5.4 Maces & Flails
 + Level 4.7 Dodging


You had 3 spell levels left.
You didn't know any spells.
Your spell library was empty.

Dungeon Overview and Level Annotations

Branches:
Dungeon (1/1)

Altars:
Cheibriados
Dithmenos
Elyvilon
Fedhas
Gozag
Hepliaklqana
Kikubaaqudgha
Makhleb
Nemelex Xobeh
Okawaru
Qazlal
Ru
Sif Muna
Trog
Uskayaw
Vehumet
Wu Jian
Xom
Yredelemnul
Zin
The Shining One
Beogh
Jiyva
Lugonu


Innate Abilities, Weirdness & Mutations

You are too large for most types of armour.
You have claws for hands.
Your natural rate of healing is unusually fast.
You are covered in fur. (AC +1)
You have tough skin. (AC +1)


Message History

You bump into the unnaturally hard rock wall.
The orc wizard completely misses you.
You closely miss the orc wizard.
The orc wizard is almost dead.
You feel less confused.
The orc wizard hits you with a +0 dagger.
The orc wizard misses you.
You hit the orc wizard. You drain the orc wizard.
You kill the orc wizard!
Trog accepts your kill.
You can now call in reinforcements.
Trog appreciates your killing of a magic user.
Something hits you!
Deactivating autopickup; reactivate with Ctrl-A.
Something hits you! x2
* * * LOW HITPOINT WARNING * * *
You have reached level 4!
You feel much better. Something hits you.
Something hits you but does no damage.
You hit something. Something hits you! x3
* * * LOW HITPOINT WARNING * * *
You hit something. Something hits you.
* * * LOW HITPOINT WARNING * * *
Something hits you.
* * * LOW HITPOINT WARNING * * *
Something hits you.
* * * LOW HITPOINT WARNING * * *
You miss something. Your claw misses something.
Something hits you but does no damage. x2; Something completely misses you.
You hit something.
Something hits you but does no damage. x2
You feel much better. Something hits you but does no damage.
Something hits you. x3
You barely miss something. Something hits you. Something hits you!
Something hits you.
* * * LOW HITPOINT WARNING * * *
You miss something. Something hits you.
* * * LOW HITPOINT WARNING * * *
Something hits you.
* * * LOW HITPOINT WARNING * * *
Something hits you!
You die... ▓▓▓▓▓▓▓▓▓▓▓▓▓▓▓▓▓▓▓▓▓▓▓▓ ..Z{Ty{@.[[[....'_______ ▓▓▓▓▓▓▓▓▓▓▓▓▓▓▓▓▓▓▓▓▓▓▓▓

You could see a troll, a hornet and a quokka zombie.

Vanquished Creatures
  A gnoll shaman (D)
  An iguana (D)
  An orc wizard (D)
  An adder skeleton (D)
  An orc (D)
  An endoplasm (D)
  A giant cockroach (D)
  A hobgoblin (D)
  A quokka (D)
  2 frilled lizards (D)
11 creatures vanquished.

Notes
Turn   | Place    | Note
-------+----------+-------------------------------------------
     0 | D        | bromine the Troll Berserker began the quest for the Orb.
     0 | D        | Reached XP level 1. HP: 22/22 MP: 0/0
    10 | D        | Reached skill level 3 in Maces & Flails
    11 | D        | Reached ** piety under Trog
    22 | D        | Noticed a gnoll shaman
    22 | D        | Noticed an iguana
    28 | D        | Killed an iguana
    28 | D        | Reached *** piety under Trog
    29 | D        | Reached skill level 4 in Maces & Flails
    29 | D        | Reached XP level 2. HP: 32/32 MP: 1/1
    29 | D        | Reached XP level 3. HP: 39/39 MP: 2/2
    37 | D        | Reached skill level 5 in Maces & Flails
    48 | D        | Found a snail-covered altar of Cheibriados.
    48 | D        | Found a shadowy altar of Dithmenos.
    48 | D        | Found a white marble altar of Elyvilon.
    48 | D        | Found a blossoming altar of Fedhas.
    48 | D        | Found an opulent altar of Gozag.
    49 | D        | Found a hazy altar of Hepliaklqana.
    50 | D        | Found a viscous altar of Jiyva.
    51 | D        | Found an ancient bone altar of Kikubaaqudgha.
    52 | D        | Found a corrupted altar of Lugonu.
    53 | D        | Found a burning altar of Makhleb.
    54 | D        | Found a sparkling altar of Nemelex Xobeh.
    55 | D        | Found an iron altar of Okawaru.
    63 | D        | Found a stormy altar of Qazlal.
    64 | D        | Found a sacrificial altar of Ru.
    65 | D        | Found a shimmering blue altar of Sif Muna.
    66 | D        | Found a bloodstained altar of Trog.
    67 | D        | Found a hide-covered altar of Uskayaw.
    68 | D        | Found a radiant altar of Vehumet.
    69 | D        | Found an ornate altar of the Wu Jian Council.
    70 | D        | Found a shimmering altar of Xom.
    71 | D        | Found a basalt altar of Yredelemnul.
    72 | D        | Found a glowing silver altar of Zin.
    73 | D        | Found a glowing golden altar of the Shining One.
   114 | D        | Noticed a troll
   114 | D        | Noticed a hornet
   125 | D        | Reached **** piety under Trog
   126 | D        | Reached XP level 4. HP: 15/49 MP: 3/3
   133 | D        | HP: 1/49 [something (4)]
   133 | D        | Mangled by an unseen horror

Illustrated notes

Levels and vault maps discovered:
D:        linesprint [early_d, line_temple, items_1, d_10, items_2, lair_1,
          lair_end, items_3, orc_1, orc_end, items_4, d_15, swamp_1, shoals_1,
          snake_1, spider_1, d_20, vaults_1, items_5, swamp_end, shoals_end,
          snake_end, spider_end, vaults_end, d_27, items_6, zot_1, zot_end,
          crypt_end, forest_end, elf_end, slime_end, tomb_end, abyss_end,
          pan_hell_end]

Skill      XL: |  1  2  3 |
---------------+----------+-----
Maces & Flails | 4 5 |  5.4
Fighting       | 3 4 |  4.6
Dodging        | 3 4 |  4.7
Short Blades   | |  0.3

Action                   |  1- 3 |  4- 6 || total
-------------------------+-------+-------++-------
Melee: Mace              |    23 |       ||    23
       Rapier            |     5 |     6 ||    11
Invok: Berserk           |     2 |       ||     2
  Use: Potion            |       |     2 ||     2
Armor: Animal skin       |     5 |     6 ||    11
Dodge: Dodged            |    12 |     1 ||    13
